AoeStats
← IdliDosa

Arena

506456856Analyzed
4v4 RM · 18d ago on Sep 13, 2026· 60m 59s· 8 players
Game mode
Random Map
Map size
Large (8 player)
Population
200
Speed
Normal
Resources
Standard
Victory
Conquest
Starting age
Dark Age
Ending age
Imperial Age
RankedLock teamsTeams togetherTeam positionsShared explorationLock speedFull tech treeHidden civsTurbo modeCheats
Victory
Defeat
🇨🇳 Aztecs · China
1252
+12
🇨🇳 Tatars · China
1213
+14
🇹🇼 Inca · Taiwan
1204
+14
🇮🇳 Byzantines · India
1197
+16
🇦🇷 Celts · Argentina
1175
-14
🇦🇷 Vietnamese · Argentina
1169
-14
🇦🇷 Mapuche · Argentina
1164
-14
🇦🇷 Gurjaras · Argentina
1163
-14
Akatsukireiha
0:27 Loom
11:14 Feudal Age
12:44 Town Watch
13:34 Wheelbarrow
18:01 Castle Age
16:41 Double-Bit Axe
18:04 Horse Collar
[BGG]超大雞雞
11:34 Feudal Age
13:00 Double-Bit Axe
15:40 Castle Age
13:33 Horse Collar
18:28 Bow Saw
18:37 Heavy Plow
18:35 Loom
22:37 Wheelbarrow
22:00 Gold Mining
23:01 Stone Mining
28:39 Imperial Age
25:55 Town Watch
26:23 Squires
25:44 Champi Runner
26:10 Arson
27:16 Forging
27:07 Scale Mail Armor
27:05 Champi Warrior
27:29 Treadmill Crane
28:29 Hand Cart
29:04 Iron Casting
28:30 Scale Mail Armor
29:20 Fortified Wall
30:15 Town Patrol
30:51 Crop Rotation
30:05 Elite Champi Warrior
32:04 Blast Furnace
32:12 Chain Mail Armor
33:41 Gold Shaft Mining
33:10 Fletching
34:05 Andean Sling
35:10 Conscription
35:19 Bodkin Arrow
35:25 Padded Archer Armor
35:55 Plate Mail Armor
36:49 Guilds
37:02 Ballistics
38:27 Leather Archer Armor
39:44 Chemistry
38:57 Masonry
38:43 Murder Holes
39:45 Bracer
40:15 Ring Archer Armor
39:24 Pikeman
40:58 Thumb Ring
43:34 Fabric Shields
42:59 Elite Kamayuk
44:42 Stone Shaft Mining
43:54 Halberdier
45:16 Coinage
44:46 Caravan
45:23 Hoardings
57:42 Capped Ram
59:18 Siege Ram
60:04 Elite Skirmisher
60:05 Crossbowman
IdliDosa
12:18 Feudal Age
13:47 Double-Bit Axe
13:45 Horse Collar
16:54 Castle Age
18:13 Bow Saw
18:04 Heavy Plow
21:55 Loom
26:33 Forging
26:28 Scale Barding Armor
29:14 Iron Casting
29:50 Chain Barding Armor
30:31 Gold Mining
32:52 Wheelbarrow
35:54 Imperial Age
35:53 Husbandry
36:29 Elite Cataphract
37:31 Conscription
38:30 Plate Barding Armor
38:34 Hand Cart
39:23 Chemistry
40:11 Gold Shaft Mining
39:27 Stone Mining
40:46 Logistica
44:41 Hoardings
46:40 Crop Rotation
46:19 Padded Archer Armor
50:19 Stone Shaft Mining
55:24 Redemption
55:28 Fervor
55:39 Sanctity
55:35 Block Printing
55:45 Illumination
55:56 Theocracy
孤鸿
7:40 Loom
11:02 Feudal Age
12:57 Double-Bit Axe
15:13 Castle Age
12:59 Horse Collar
17:04 Bow Saw
20:32 Wheelbarrow
20:07 Heavy Plow
20:04 Stone Mining
21:10 Loom
22:36 Gold Mining
25:38 Gold Shaft Mining
26:26 Hand Cart
Joaquin_AoE
10:24 Feudal Age
14:36 Castle Age
13:53 Double-Bit Axe
34:09 Loom
35:08 Wheelbarrow
34:27 Gold Mining
35:19 Horse Collar
35:38 Stone Mining
40:38 Imperial Age
39:10 Bloodlines
41:00 Scale Barding Armor
41:06 Forging
41:11 Husbandry
43:46 Chain Barding Armor
45:35 Fortified Wall
48:04 Fletching
48:14 Padded Archer Armor
48:54 Plate Barding Armor
48:42 Fletching
48:53 Padded Archer Armor
50:06 Bow Saw
50:30 Thumb Ring
50:07 Crossbowman
50:49 Arbalester
51:53 Ballistics
52:26 Bodkin Arrow
52:46 Leather Archer Armor
53:35 Chemistry
55:31 Hand Cart
60:43 Paper Money
61:45 Two-Man Saw
ELDIOSCHICHOLIN
0:26 Loom
10:03 Feudal Age
15:15 Castle Age
13:18 Man-at-Arms
18:46 Arson
19:42 Long Swordsman
21:36 Pikeman
22:32 Scale Mail Armor
24:07 Chain Mail Armor
25:06 Wheelbarrow
25:26 Double-Bit Axe
26:37 Town Watch
28:04 Hand Cart
28:13 Horse Collar
29:22 Gold Mining
31:55 Gold Shaft Mining
31:32 Bow Saw
31:24 Heavy Plow
38:09 Imperial Age
35:41 Stronghold
36:52 Gambesons
37:20 Forging
38:16 Fortified Wall
38:26 Ballistics
38:04 Murder Holes
38:20 Masonry
39:11 Heavy Scorpion
42:33 Chemistry
41:14 Treadmill Crane
42:09 Halberdier
45:50 Conscription
45:46 Siege Engineers
47:22 Two-Handed Swordsman
48:39 Plate Mail Armor
48:45 Iron Casting
48:06 Stone Mining
52:31 Blast Furnace
53:38 Fletching
Capiango2.0
12:49 Feudal Age
16:58 Castle Age
15:24 Scale Mail Armor
15:10 Double-Bit Axe
15:05 Horse Collar
16:24 Forging
16:34 Arson
16:10 Champi Runner
18:23 Chain Mail Armor
18:27 Bow Saw
18:18 Heavy Plow
18:47 Champi Warrior
28:46 Iron Casting
28:33 Pikeman
29:08 Elite Skirmisher
39:22 Imperial Age
38:04 Wheelbarrow
39:51 Hand Cart
39:22 Loom
40:13 Stone Mining
42:17 Blast Furnace
42:45 Elite Kona
43:50 Conscription
44:53 Butalmapu
50:39 Fletching
50:50 Padded Archer Armor
51:18 Town Watch
51:09 Imperial Skirmisher
52:53 Bodkin Arrow
53:13 Leather Archer Armor
54:00 Chemistry
53:21 Ballistics
53:08 Siege Engineers
52:48 Treadmill Crane
53:18 Masonry
53:03 Murder Holes
53:53 Malon
55:06 Ring Archer Armor
55:41 Elite Bolas Rider
56:17 Halberdier
58:07 Architecture
58:14 Hoardings
DT.Bilardo
10:48 Feudal Age
14:29 Castle Age
22:45 Horse Collar
23:58 Double-Bit Axe
27:23 Wheelbarrow
27:18 Fletching
28:28 Hand Cart
30:43 Gold Mining
31:30 Stone Mining
32:06 Heavy Plow
32:01 Loom
35:01 Imperial Age
33:22 Treadmill Crane
35:36 Bloodlines
35:27 Husbandry
35:52 Heavy Camel Rider
37:36 Gold Shaft Mining
37:51 Frontier Guards
38:01 Scale Barding Armor
38:06 Forging
39:08 Chain Barding Armor
41:12 Plate Barding Armor
43:13 Iron Casting
43:18 Fortified Wall
53:14 Bodkin Arrow
53:27 Elite Skirmisher
55:30 Chemistry
55:11 Bracer
54:34 Imperial Skirmisher
57:21 Padded Archer Armor
58:09 Ballistics
Connection lost

Rejoining the realm…

Still unreachable

The connection could not be restored.

Session expired

The server has moved on; the page needs a fresh start.